 Dungeon Crawl Stone Soup version 0.30.1-3-gfc49f6343a (webtiles) character file.

Game seed: 12966421113598857542

10700 Zeor the Cruncher (level 11, -1/69 HPs)
             Began as a Gargoyle Monk on July 24, 2023.
             Was a Priest of Wu Jian.
             Slain by an orc warlord
             ... wielding a +3 heavy bardiche
              (27 damage)
             ... on level 12 of the Dungeon.
             The game lasted 00:33:00 (6812 turns).

Zeor the Cruncher (Gargoyle Monk)                   Turns: 6812, Time: 00:33:01

Health: -1/69      AC: 31    Str: 25    XL:     11   Next: 66%
Magic:  11/11      EV: 10    Int: 11    God:    Wu Jian [***...]
Gold:   396        SH:  0    Dex: 12    Spells: 10/10 levels left

rFire   + . .        a - +4 quarterstaff (chaos)
rCold   . . .        (shield currently unavailable)
rNeg    + . .        q - +3 chain mail of the Pit {Regen+ Str+6 Slay-4 Stlth+}
rPois   ∞            i - +0 helmet
rElec   +            r - +1 cloak
rCorr   .            h - +2 pair of gloves
SInv    .            E - +0 pair of boots
Will    .....        (no amulet) Stlth
                     y - +4 ring of slaying
HPRegen 1.11/turn    o - ring of protection from fire
MPRegen 0.12/turn

%: no passive effects
@: mighty, studying Maces & Flails, serpent's lash
A: sickness immunity, AC +8, negative energy resistance 1, electricity
resistance, torment resistance 1, petrification resistance
a: Renounce Religion, Wall Jump, Serpent's Lash


You were on level 12 of the Dungeon.
You worshipped Wu Jian.
Wu Jian was most pleased with you.
You visited 2 branches of the dungeon, and saw 11 of its levels.

You collected 545 gold pieces.
You spent 149 gold pieces at shops.

Inventory:

Hand Weapons
 a - a +4 quarterstaff of chaos (weapon)
 l - a +0 quarterstaff
 m - the +6 spear of Departure {spect, Str+7 Int-4}
   (You took it off a kobold demonologist on level 11 of the Dungeon)

   Str:       It affects your strength (+7).
   Int:       It affects your intelligence (-4).
 v - a +0 antimagic mace
 G - a +2 battleaxe
Missiles
 u - 9 boomerangs (quivered)
 A - a throwing net
 C - 20 poisoned darts
Armour
 d - an orb of light
 g - a scarf of resistance
 h - a +2 pair of gloves (worn)
 i - a +0 helmet (worn)
 q - the +3 chain mail of the Pit (worn) {Regen+ Str+6 Slay-4 Stlth+}
   (You found it on level 2 of the Dungeon)

   Str:       It affects your strength (+6).
   Slay:      It affects your accuracy & damage with ranged weapons and melee
   (-4).
   Regen:     It increases your rate of health regeneration.
   Stlth:     It makes you more stealthy.
 r - a +1 cloak (worn)
 D - a +0 plate armour
 E - a +0 pair of boots (worn)
Jewellery
 o - a ring of protection from fire (right hand)
 w - a ring of protection from cold
 x - an amulet of the acrobat
 y - a +4 ring of slaying (left hand)
 H - a ring of flight
 L - a ring of resist corrosion
 O - a ring of protection from cold
Wands
 k - a wand of roots (4)
 z - a wand of flame (19)
Scrolls
 e - 6 scrolls of teleportation
 n - a scroll of blinking {unknown}
 s - a scroll of magic mapping
 B - 3 scrolls of enchant weapon
 F - a scroll of enchant armour
 J - a scroll of poison
 K - a scroll of brand weapon
 M - a scroll of acquirement {unknown}
Potions
 b - 2 potions of attraction
 c - a potion of ambrosia
 f - 2 potions of cancellation
 j - a potion of brilliance
 p - 2 potions of might
 t - a potion of curing
 N - a potion of magic {unknown}


   Skills:
 * Level 8.3 Fighting
 * Level 8.6(11.2) Maces & Flails
 + Level 11.2(12.4) Staves
 * Level 9.3 Armour
 + Level 3.9 Dodging
 + Level 2.6 Stealth
 * Level 3.4 Evocations


You had 10 spell levels left.
You didn't know any spells.
Your spell library contained the following spells:

 Spells                   Type           Power      Damage    Failure   Level
 Apportation              Tloc           0%         N/A       83%         1
 Necrotise                Necr           0%         1d4       83%         1
 Shock                    Conj/Air       0%         1d3       83%         1
 Summon Small Mammal      Summ           0%         N/A       83%         1
 Swiftness                Air            0%         N/A       99%         3
 Airstrike                Air            0%         2d(0-16)  100%        4
 Manifold Assault         Tloc           0%         N/A       100%        4
 Petrify                  Tmut/Erth      0%         N/A       100%        4
 Metabolic Englaciation   Hex/Ice        0%         N/A       100%        5
 Summon Forest            Summ/Tloc      0%         N/A       100%        5
 Dispersal                Tloc           0%         N/A       100%        6
 Eringya's Noxious Bog    Tmut/Pois      0%         N/A       100%        6
 Summon Hydra             Summ           0%         N/A       100%        7
 Disjunction              Tloc           0%         N/A       100%        8
 Statue Form              Tmut/Erth      Unusable   N/A       N/A         6

Dungeon Overview and Level Annotations

Branches:
Dungeon (12/15)            Temple (1/1) D:7
   Lair: D:8-11         Orc: D:9-12

Altars:
Dithmenos
Trog
Wu Jian

Shops:
D:4 *[!*:

Portals:
Trove: D:11 (show slimy rune of Zot)


Innate Abilities, Weirdness & Mutations

You are immune to sickness and miasma.
Your stone body is resilient. (AC +8)
You are immune to poison.
You resist negative energy. (rN+)
You are resistant to electric shocks. (rElec)
You are resistant to unholy torment.
You are immune to petrification.


Message History

The centaur warrior kicks you but does no damage.
The centaur warrior hits you but does no damage.
The centaur warrior kicks you but does no damage.
You feel very mighty all of a sudden.
The centaur warrior hits you but does no damage.
The centaur warrior kicks you.
The orc warlord hits you from afar with a +3 heavy bardiche!
You closely miss the centaur warrior.
The centaur warrior is severely wounded.
The centaur warrior completely misses you.
The centaur warrior kicks you but does no damage.
The boulder beetle curls into a ball and begins rolling!
You bludgeon the centaur warrior!!
You kill the centaur warrior!
The Council accepts your kill.
The orc warlord unwields a +3 heavy bardiche.
The orc warlord wields a +0 arbalest.
The orc warlord shoots a bolt.
The bolt hits you.
Your muscles tense, ready for explosive movement...
You lunge with incredible momentum at the orc warlord, in a flurry of attacks.
You sock the orc warlord!
The orc warlord seems to speed up.
The orc warlord is lightly wounded.
You sock the orc warlord!
Nothing appears to happen.
The orc warlord is lightly wounded.
Items here: ( )) ††.
You sock the orc warlord! You burn the orc warlord.
The orc warlord is moderately wounded.
The orc warlord unwields a +0 arbalest.
The orc warlord wields a +3 heavy bardiche.
The orc warlord barely misses you.
You bludgeon the orc warlord!! You burn the orc warlord!
The orc warlord is heavily wounded.
The boulder beetle hits you!
The boulder beetle stops rolling and uncurls.
There is nothing to wall jump against here.
You bludgeon the orc warlord!!
The orc warlord suddenly seems more agile.
The orc warlord is severely wounded.
The orc warlord hits you with a +3 heavy bardiche!!
You die...

∙♣ ∙♣ ♣♣∙♣♣
▒▒▒▒▒▒▒▒▒▒▒▒▒♣∙∙∙♣▒
♣∙∙∙∙!)∙♣∙∙∙▒∙∙∙∙∙▒
♣∙♣∙♣∙♣∙♣∙♣∙♣∙PPP∙▒
♣∙♣○♣∙♣∙♣∙∙∙P~P∙▒
♣∙♣9♣∙♣∙♣♣♣∙PPP∙▒
♣∙Bo♣∙∙∙♣ ▒∙∙∙∙∙▒
▒▒°▒▒▒▒▒▒ ▒♣∙∙∙♣▒
♣° ♣♣∙♣♣ ∙∙ ♣∙♣ ∙∙∙
♣∙♣ ∙♣♣ ♣∙♣ ∙♣
▒▒∩▒▒ ▒▒∙∙∙▒▒


You could see an orc warlord (fast, agile) and a boulder beetle.

Vanquished Creatures
  A centaur warrior (D:12)
  A two-headed ogre (D:11)
  An ugly thing (D:11)
  A cyclops (D:12)
  A manticore (D:11)
  A gargoyle (D:12)
  2 unseen horrors (D:11)
  2 kobold demonologists (D:11)
  A meliai (D:12)
  Grinder (D:3)
  2 trolls
  Sigmund (D:2)
  6 yaks
  3 basilisks
  8 vampire mosquitoes
  A water moccasin (D:5)
  5 orc warriors (D:11)
  A sky beast (D:7)
  2 ice beasts (D:6)
  2 black bears
  An ogre (shapeshifter) (D:7)
  An ogre (D:5)
  3 centaurs
  A kobold brigand (D:11)
  Blork the orc (D:4)
  3 bullfrogs
  A gnoll sergeant (D:12)
  5 scorpions
  8 wights (D:7)
  4 hounds
  4 jellies
  Crazy Yiuf (D:2)
  A gnoll bouda (D:3)
  5 orc priests
  A sleepcap (D:6)
  3 iguanas
  Ijyb (D:4)
  9 orc wizards
  Robin (D:2)
  3 gnolls
  14 adders
  A shadow imp (D:6)
  2 white imps
  2 ufetubi (D:4)
  2 dart slugs (D:2)
  39 orcs
  21 endoplasms
  4 giant cockroaches
  11 goblins
  4 hobgoblins
  7 jackals
  A quokka (D:1)
  9 ball pythons
  4 bats
  A frilled lizard (D:1)
  21 kobolds
  7 rats
250 creatures vanquished.

Vanquished Creatures (collateral kills)
  A sleepcap (D:4)
  A frilled lizard (D:3)
2 creatures vanquished.

Vanquished Creatures (others)
  A goblin (D:4)
1 creature vanquished.

Grand Total: 253 creatures vanquished

Notes
Turn   | Place    | Note
-------+----------+-------------------------------------------
     0 | D:1      | Zeor the Gargoyle Monk began the quest for the Orb.
     0 | D:1      | Reached XP level 1. HP: 14/14 MP: 1/1
    83 | D:1      | Reached XP level 2. HP: 19/19 MP: 2/2
   455 | D:1      | Reached XP level 3. HP: 23/23 MP: 3/3
   607 | D:2      | Reached skill level 1 in Staves
   631 | D:2      | Found a runed translucent door.
   632 | D:2      | Noticed Crazy Yiuf
   783 | D:2      | Reached XP level 4. HP: 25/29 MP: 4/4
   959 | D:2      | Identified the +3 chain mail of the Pit {Regen+ Str+6
                  | Slay-4 Stlth+}
   997 | D:2      | Reached skill level 1 in Armour
  1013 | D:2      | Reached XP level 5. HP: 14/33 MP: 5/5
  1280 | D:2      | Noticed Robin
  1297 | D:2      | Killed Robin
  1375 | D:2      | Noticed Sigmund
  1390 | D:2      | Killed Sigmund
  1391 | D:2      | Reached skill level 5 in Maces & Flails
  1391 | D:2      | Reached skill level 2 in Staves
  1391 | D:2      | Reached XP level 6. HP: 28/38 MP: 6/6
  1585 | D:2      | Killed Crazy Yiuf
  1827 | D:3      | Found a faded altar of an unknown god.
  2045 | D:3      | Noticed Grinder
  2056 | D:3      | Killed Grinder
  2057 | D:3      | Reached skill level 3 in Staves
  2057 | D:3      | Reached XP level 7. HP: 37/43 MP: 7/7
  2459 | D:4      | Found Lavergh's Book Emporium.
  2481 | D:4      | Found Emniuch's Assorted Antiques.
  2513 | D:4      | Bought a scroll labelled PINIBO RURRIMP for 29 gold pieces
  2513 | D:4      | Bought a scroll labelled XITITI UNOISEUCK for 29 gold
                  | pieces
  2550 | D:4      | Found Xemuc's Distillery.
  2558 | D:4      | Reached skill level 1 in Stealth
  2566 | D:4      | Bought a potion of curing for 39 gold pieces
  2566 | D:4      | Bought a potion of might for 52 gold pieces
  2567 | D:4      | Noticed Ijyb
  2584 | D:4      | Killed Ijyb
  2831 | D:4      | Found Rigiuhih's Assorted Antiques.
  2841 | D:4      | Noticed Blork the orc
  2852 | D:4      | Killed Blork the orc
  2853 | D:4      | Reached skill level 4 in Staves
  3059 | D:4      | Found Lidiryir's Antique Armour Shop.
  3281 | D:4      | Reached XP level 8. HP: 48/48 MP: 8/8
  3334 | D:4      | Reached skill level 5 in Staves
  3512 | D:5      | Entered Level 5 of the Dungeon
  3760 | D:5      | Reached skill level 6 in Staves
  4124 | D:6      | Reached skill level 5 in Armour
  4124 | D:6      | Reached XP level 9. HP: 48/53 MP: 9/9
  4150 | D:6      | Reached skill level 7 in Staves
  4330 | D:6      | Reached skill level 5 in Fighting
  4533 | D:7      | Reached skill level 8 in Staves
  4622 | D:7      | Found a staircase to the Ecumenical Temple.
  4632 | Temple   | Entered the Ecumenical Temple
  4647 | Temple   | Became a worshipper of the Wu Jian Council
  4647 | Temple   | Reached * piety under Wu Jian
  4647 | Temple   | Reached ** piety under Wu Jian
  4918 | D:7      | a jelly changed into a glowing shapeshifter
  4918 | D:7      | Noticed a glowing shapeshifter (glowing shapeshifter)
  4918 | D:7      | a glowing shapeshifter changed into a shock serpent
  4918 | D:7      | Noticed a shock serpent (glowing shapeshifter)
  4921 | D:7      | a shock serpent changed into a swamp dragon
  4921 | D:7      | Noticed a swamp dragon (glowing shapeshifter)
  4924 | D:7      | a swamp dragon changed into a shock serpent
  4924 | D:7      | Noticed a shock serpent (glowing shapeshifter)
  4927 | D:7      | a shock serpent changed into a swamp worm
  4932 | D:7      | Reached skill level 9 in Staves
  4936 | D:7      | a swamp worm changed into a skyshark
  4936 | D:7      | Noticed a skyshark (glowing shapeshifter)
  4943 | D:7      | a skyshark changed into a merfolk
  4943 | D:7      | Noticed a merfolk (glowing shapeshifter)
  4946 | D:7      | a merfolk changed into an orb spider
  4946 | D:7      | Noticed an orb spider (glowing shapeshifter)
  4947 | D:7      | an orb spider changed into a manticore
  4947 | D:7      | Noticed a manticore (glowing shapeshifter)
  5216 | D:7      | Noticed a harpy
  5218 | D:7      | a harpy changed into a hornet
  5218 | D:7      | Noticed a hornet (glowing shapeshifter)
  5224 | D:7      | a hornet changed into an ogre
  5338 | D:7      | Found a shadowy altar of Dithmenos.
  5433 | D:8      | Reached XP level 10. HP: 58/59 MP: 10/10
  5493 | D:8      | Noticed a two-headed ogre
  5705 | D:8      | You fall into a shaft and drop 3 floors!
  5753 | D:11     | Reached skill level 1 in Evocations
  5774 | D:11     | Reached skill level 10 in Staves
  5971 | D:11     | Killed an unseen horror
  6030 | D:11     | Killed an unseen horror
  6116 | D:11     | Noticed a manticore
  6125 | D:11     | Killed a manticore
  6212 | D:11     | Noticed a two-headed ogre
  6220 | D:11     | Killed a two-headed ogre
  6236 | D:11     | Reached *** piety under Wu Jian
  6237 | D:11     | Reached XP level 11. HP: 67/67 MP: 11/11
  6328 | D:11     | Found a portal to a secret trove of treasure.
  6417 | D:11     | Identified the +6 spear of Departure {spect, Str+7 Int-4}
  6619 | D:12     | Noticed a white ugly thing
  6635 | D:11     | Killed a white ugly thing
  6676 | D:12     | Reached skill level 11 in Staves
  6751 | D:12     | Noticed a cyclops
  6766 | D:12     | Killed a cyclops
  6782 | D:12     | Noticed a boulder beetle
  6793 | D:12     | Noticed a centaur warrior
  6800 | D:12     | Noticed an orc warlord
  6809 | D:12     | Killed a centaur warrior
  6812 | D:12     | Slain by an orc warlord

Illustrated notes

Levels and vault maps discovered:
D:1:      lemuel_arrival_hallway, layout_rooms, minmay_misc_feat_secret_circle
D:2:      cheibrodos_fertilizer, layout_loops_ring, uniq_robin,
          uniq_crazy_yiuf_cottage, uniq_sigmund
D:3:      layout_loops_ring, ebering_ecumenical_altar_sacrificial,
          nicolae_figureground_sparkle, uniq_grinder
D:4:      minmay_chambers_of_threes, layout_basic, serial_shops,
          nicolae_shop_overgrown_old_shop, shop, nicolae_shop_tiny_waterfront,
          shop, shop, lightli_corner_chamber, uniq_blork_the_orc, uniq_ijyb
D:5:      layout_rooms
D:6:      layout_rooms, kb_lookout_dungeons_type
D:7:      hellmonk_crumbling_castle, layout_cave_pools, kennysheep_mini,
          minmay_temple_entry_glassed_door, minmay_manual_maat
D:8:      layout_rooms, minmay_crystal_room
D:11:     layout_roguey [special_room_orc], nicolae_trove_entry_diagonal
D:12:     nzn_winding_woodlands_stair_trap [nzn_winding_woodlands_5x15_parted,
          nzn_winding_woodlands_5x15_garden,
          nzn_winding_woodlands_5x15_river_crossing,
          nzn_winding_woodlands_15x15_thick_spiral,
          nzn_winding_woodlands_5x15_sidewinder,
          nzn_winding_woodlands_5x15_default, nzn_winding_woodlands_5x15_cabin],
          layout_loops_corners
Temple:   roderic_octagonal_lattice_temple

Skill      XL: |  1  2  3  4  5  6  7  8  9 10 11 |
---------------+----------------------------------+-----
Staves         | 1 2 3 4 6 9 10 11 | 11.2
Maces & Flails | 4 5 6 7 8 |  8.6
Armour         | 1 2 3 5 6 8 9 |  9.3
Dodging        | 3 |  3.9
Fighting       | 4 5 7 8 |  8.3
Stealth        | 1 2 |  2.6
Evocations     | 2 3 |  3.4

Action                     |  1- 3 |  4- 6 |  7- 9 | 10-12 || total
---------------------------+-------+-------+-------+-------++-------
  Melee: Mace              |    67 |   100 |       |       ||   167
         Quarterstaff      |       |    26 |   309 |   277 ||   612
 Invoke: Serpent's Lash    |       |       |       |     1 ||     1
Ability: Whirlwind         |       |       |    11 |    19 ||    30
         Lunge             |       |       |     5 |    15 ||    20
         Wall Jump         |       |       |     2 |     4 ||     6
  Evoke: Wand              |       |       |     1 |     1 ||     2
    Use: Scroll            |     5 |     2 |     9 |     3 ||    19
         Potion            |       |     5 |     2 |     3 ||    10
   Stab: Distracted        |       |     1 |       |       ||     1
         Sleeping          |       |       |     1 |       ||     1
         Paralysed         |       |       |     1 |       ||     1
         Confused          |       |       |       |     1 ||     1
         Petrifying        |       |       |       |     1 ||     1
 Armour: Robe              |     5 |       |       |       ||     5
         Ring mail         |    14 |    45 |    56 |       ||   115
         Skin              |       |    12 |       |       ||    12
         Chain mail        |       |       |    56 |   162 ||   218
         Plate armour      |       |       |    66 |     9 ||    75
  Dodge: Dodged            |    56 |    79 |   143 |    74 ||   352
